 Dungeon Crawl Stone Soup version 0.31-a0-187-gba352fbbf7 (webtiles) character file.

Game seed: 12797258963099536795

105 qw the Skirmisher (level 4, -3/25 HPs)
             Began as a Deep Elf Hunter on June 22, 2023.
             Killed by divine providence
             ... invoked by an orc priest
              (13 damage)
             ... on level 3 of the Dungeon.
             The game lasted 00:00:38 (1527 turns).

qw the Skirmisher (Deep Elf Hunter)                 Turns: 1527, Time: 00:00:39

Health: -3/25      AC:  5    Str: 10    XL:     4   Next: 53%
Magic:  6/6        EV: 11    Int: 16    God:
Gold:   130        SH:  0    Dex: 18    Spells: 3/3 levels left

rFire   . . .        b - +5 sling "Worm's Wrath" {drain, rN+ Int+2 SInv}
rCold   . . .        (no shield)
rNeg    + . .        h - +0 ring mail
rPois   .            (no helmet)
rElec   .            (no cloak)
rCorr   .            (no gloves)
SInv    +            (no boots)
Will    .....        (no amulet)
Stlth   +            (no ring)
HPRegen 0.24/turn    (no ring)
MPRegen 0.10/turn

%: no passive effects
@: no status effects
A: no striking features
a: no special abilities


You were on level 3 of the Dungeon.
You visited 1 branch of the dungeon, and saw 3 of its levels.

You collected 130 gold pieces.


   Skills:
 - Level 1.5 Fighting
 + Level 8.0 Ranged Weapons
 - Level 2.4 Dodging
 - Level 1.2 Stealth


You had 3 spell levels left.
You didn't know any spells.
Your spell library was empty.

Inventory:

Hand Weapons
 b - the +5 sling "Worm's Wrath" (weapon) {drain, rN+ Int+2 SInv}
   (You found it on level 2 of the Dungeon)

   Int:       It affects your intelligence (+2).
   rN:        It protects you from negative energy.
   SInv:      It lets you see invisible.
Armour
 h - a +0 ring mail (worn)
Scrolls
 a - a scroll of identify
Potions
 c - a potion of heal wounds
 e - a potion of resistance {unknown}
 j - a potion of degeneration {unknown}
 k - a potion of mutation {unknown}
 l - a potion of berserk rage {unknown}

Dungeon Overview and Level Annotations

Branches:
Dungeon (3/15)

Altars:
Xom


Message History

An orc comes into view. It is wielding a +0 whip.
An orc priest comes into view. It is wielding a +0 hand axe.
You shoot a sling bullet. The orc shouts!
The orc priest shouts!
The sling bullet hits the orc.
The orc is severely wounded.
You hear a shout!
The orc closely misses you.
A ball python comes into view.
An orc wizard comes into view. It is wielding a +0 dagger.
The orc hits you but does no damage.
You shoot a sling bullet. The sling bullet hits the orc.
You kill the orc!
The orc wizard points at you and mumbles some strange words.
You are confused.
The orc wizard mumbles some strange words.
The orc wizard flickers and vanishes for a moment.
The orc barely misses you.
The orc priest casts a cantrip, but nothing happens.
The orc hits you with a +0 hand axe of freezing.
The orc freezes you.
A kobold comes into view. It is wielding a +0 dagger.
The orc closely misses you. The orc hits you but does no damage.
The orc hits you with a +0 whip. The orc hits you but does no damage.
You feel less confused. The orc hits you with a +0 whip.
The orc hits you with a +0 hand axe of freezing.
The orc freezes you.
1525 ||| Stepping ~*~*~tactically~*~*~ (outnumbered).
You shoot a sling bullet. The sling bullet hits the orc.
You drain the orc.
You kill the orc!
Your Ranged Weapons skill increases to level 8!
You shoot a sling bullet.
The sling bullet closely misses the orc priest.
The sling bullet hits the orc wizard!
You drain the orc wizard.
The orc wizard is severely wounded.
The orc priest mumbles some strange prayers to Beogh against you.
Beogh smites you!
Ouch! That really hurt!
You die...

.###..........
.............
......#.....
...%......)
.......K..)###.#
.........oo...
.....#.ooS#
#...#..#o###.#
#..#..o.@...#
#.#.##..####
###.......#
###........##
....##..#..#
###........#
####.##..##.###
............#.#
##.####.###.#.#


You could see 2 orc priests, 2 orc wizards, 2 orcs, a ball python and a kobold.

Vanquished Creatures
  An orc priest (D:3)
  2 adders
  3 orcs (D:3)
  4 ball pythons
  3 endoplasms (D:2)
  13 giant cockroaches
  3 goblins
  7 hobgoblins
  2 jackals (D:2)
  2 bats
  5 kobolds
  2 rats (D:2)
47 creatures vanquished.

Notes
Turn   | Place    | Note
-------+----------+-------------------------------------------
     0 | D:1      | qw the Deep Elf Hunter began the quest for the Orb.
     0 | D:1      | Reached XP level 1. HP: 12/12 MP: 3/3
     0 | D:1      | 0 ||| qw: Version: 0.3-a-9-g12657ce
     0 | D:1      | 0 ||| qw: Game counter: 2474
     0 | D:1      | 0 ||| qw: Always use a shield: true
     0 | D:1      | 0 ||| qw: God list: Okawaru
     0 | D:1      | 0 ||| qw: Allow faded altars: false
     0 | D:1      | 0 ||| qw: Do Orc after D:15 true
     0 | D:1      | 0 ||| qw: Do second Lair branch before Depths: true
     0 | D:1      | 0 ||| qw: Lair rune preference: random
     0 | D:1      | 0 ||| qw: Plans: Normal
     0 | D:1      | 0 ||| PLANNING D:1-11
   280 | D:1      | You fall into a shaft and drop 1 floor!
   295 | D:2      | Reached XP level 2. HP: 16/16 MP: 4/4
   297 | D:2      | Reached skill level 6 in Ranged Weapons
   338 | D:2      | Found a shimmering altar of Xom.
   350 | D:2      | 350 ||| UPGRADING to +0 ring mail.
   360 | D:2      | 360 ||| DROPPING +0 leather armour.
   361 | D:2      | 361 ||| DROPPING +0 leather armour of cold resistance.
   362 | D:2      | 362 ||| READING scroll labelled LEAKHU XYRUFOF.
   363 | D:2      | 363 ||| READING scroll labelled LORHAS AGUSO.
   364 | D:2      | 364 ||| READING scroll labelled ZARGHO QIYJIRR.
   365 | D:2      | 365 ||| DROPPING scroll of butterflies.
   797 | D:1      | 797 ||| DROPPING ring of magical power.
   798 | D:1      | 798 ||| READING scroll labelled BOXUET JO NIHA.
   799 | D:1      | 799 ||| READING scroll labelled BUSOAZ FOATWEDGH.
   800 | D:1      | 800 ||| DRINKING 2 clear potions.
   802 | D:1      | 802 ||| Stepping ~*~*~tactically~*~*~ (cloud).
   803 | D:1      | 803 ||| DRINKING potion of curing.
   803 | D:1      | 803 ||| (to cure poison)
   850 | D:2      | Identified the +5 sling "Worm's Wrath" {drain, rN+ Int+2
                  | SInv}
   852 | D:2      | 852 ||| SWAPPING to +5 sling "Worm's Wrath" {drain, rN+
                  | Int+2 SInv}.
   853 | D:2      | 853 ||| DROPPING +0 shortbow.
   903 | D:2      | Reached XP level 3. HP: 19/20 MP: 5/5
   947 | D:2      | Identified the +2 spear "Egukim" {protect, rElec rF- Int+5}
   953 | D:2      | Found a faded altar of an unknown god.
  1016 | D:2      | Reached skill level 7 in Ranged Weapons
  1400 | D:2      | 1400 ||| READING scroll labelled QOCHAO ELECKAIK.
  1405 | D:2      | 1405 ||| READING scroll labelled MUFUFU KYVIMAEN.
  1406 | D:2      | 1406 ||| DRINKING 3 fizzy pink potions.
  1452 | D:2      | 1452 ||| DRINKING 2 viscous clear potions.
  1453 | D:2      | 1453 ||| READING 2 scrolls of identify.
  1453 | D:2      | 1453 ||| IDENTIFYING red potion
  1454 | D:2      | 1454 ||| DROPPING 2 potions of lignification.
  1455 | D:2      | 1455 ||| DROPPING potion of attraction.
  1504 | D:3      | Reached XP level 4. HP: 25/25 MP: 6/6
  1508 | D:3      | 1508 ||| Stepping ~*~*~tactically~*~*~ (outnumbered).
  1525 | D:3      | 1525 ||| Stepping ~*~*~tactically~*~*~ (outnumbered).
  1527 | D:3      | Reached skill level 8 in Ranged Weapons
  1527 | D:3      | Killed from afar by an orc priest

Levels and vault maps discovered:
D:1:      grunt_arrival_lava_bath, layout_loops_ring
D:2:      minmay_roachtagon, layout_basic, hellmonk_ecumenical_altar_zigzags,
          basic_altar, chequers_serial_rivers_micro_b
D:3:      layout_basic, nicolae_ru_sacrificial_ziggurat

Skill      XL: |  1  2  3  4 |
---------------+-------------+-----
Ranged Weapons | 6 7 8 |  8.0
Fighting       | |  1.5
Dodging        | |  2.4
Stealth        | |  1.2

Action                     |  1- 3 |  4- 6 || total
---------------------------+-------+-------++-------
   Fire: Shortbow          |    40 |       ||    40
         Sling             |    53 |    14 ||    67
    Use: Scroll            |     8 |       ||     8
         Potion            |     4 |       ||     4
 Armour: Leather armour    |     3 |       ||     3
         Ring mail         |     2 |     4 ||     6
  Dodge: Dodged            |    20 |     3 ||    23

Table legend:
 A = Non-vault XP
 B = Vault XP
 C = Vault XP percentage of total XP
 D = Non-vault monster count
 E = Vault monster count
 F = Vault count percentage of total count
                 A         B        C        D         E       F
            +---------+---------+-------+---------+---------+-------
      Total |     128 |      22 |  14.7 |      36 |      11 |  23.4
            +---------+---------+-------+---------+---------+-------
        D:1 |      18 |       0 |   0.0 |      11 |       0 |   0.0
        D:2 |      46 |      22 |  32.4 |      20 |      11 |  35.5
        D:3 |      64 |       0 |   0.0 |       5 |       0 |   0.0
            +---------+---------+-------+---------+---------+-------
